 Dungeon Crawl Stone Soup version 0.24.0-123-gd5b16e6ec5 (webtiles) character file.

Game seed: 4671696475675059677, levelgen mode: deterministic

182 Elellon the Chopper (level 5, -1/45 HPs)
             Began as a Hill Orc Fighter on Jan 20, 2020.
             Slain by a gnoll
             ... wielding a +0 halberd
              (5 damage)
             ... on level 2 of the Dungeon.
             The game lasted 00:01:51 (1634 turns).

Elellon the Chopper (Hill Orc Fighter)              Turns: 1634, Time: 00:01:52

Health: -1/45      AC:  8    Str: 20    XL:     5   Next: 61%
Magic:  5/5        EV:  7    Int:  8    God:
Gold:   65         SH:  9    Dex: 10    Spells: 4/4 levels left

rFire    . . .     SeeInvis .   a - +0 war axe
rCold    . . .     Gourm    .   c - +0 shield
rNeg     . . .     Faith    .   b - +0 scale mail
rPois    .         Spirit   .   (no helmet)
rElec    .         Reflect  .   (no cloak)
rCorr    .         Harm     .   s - +0 pair of gloves
MR       .....                  (no boots)
Stlth    ..........             (no amulet)
HPRegen  0.15/turn              (no ring)
MPRegen  0.09/turn              (no ring)

@: no status effects
A: no striking features
a: no special abilities


You were on level 2 of the Dungeon.
You were not hungry.

You visited 1 branch of the dungeon, and saw 2 of its levels.

You collected 65 gold pieces.

Inventory:

Hand Weapons
 a - a +0 war axe (weapon)
Armour
 b - a +0 scale mail (worn)
 c - a +0 shield (worn)
 s - a +0 pair of gloves (worn)
Jewellery
 k - an uncursed amulet of the gourmand {unknown}
 l - an uncursed ring of flight {unknown}
 t - an uncursed ring of positive energy {unknown}
Scrolls
 e - 2 scrolls of teleportation {unknown}
 h - 3 scrolls of identify {unknown}
 j - 2 scrolls of remove curse {unknown}
 n - a scroll of random uselessness {unknown}
 p - a scroll of enchant weapon {unknown}
 u - a scroll of enchant armour {unknown}
Potions
 d - a potion of might
 i - a potion of haste {unknown}
 m - 2 potions of curing {unknown}
 o - a potion of agility {unknown}
 q - 2 potions of degeneration {unknown}
 r - a potion of magic {unknown}
Comestibles
 f - 5 rations
 g - 5 chunks of flesh


   Skills:
 - Level 3.6 Fighting
 + Level 7.5 Axes
 - Level 3.2 Armour
 - Level 3.2 Shields


You had 4 spell levels left.
You didn't know any spells.
Your spell library was empty.

Dungeon Overview and Level Annotations

Branches:
Dungeon (2/15)

Altars:


Message History

The gnoll hits you from afar with a +0 halberd!
* * * LOW HITPOINT WARNING * * *
The dart slug launches a dart at you. The slug dart hits you.
* * * LOW HITPOINT WARNING * * *
The adder bites you but does no damage.
You barely miss the adder.
The adder is severely wounded.
You slash the dart slug!
You kill the dart slug!
You block the adder's attack. You block the gnoll's attack.
You closely miss the adder.
The adder is severely wounded.
The adder barely misses you. The gnoll closely misses you.
The adder bites you but does no damage.
You closely miss the adder.
The adder is severely wounded.
You block the adder's attack.
The gnoll hits you from afar with a +0 halberd.
You die...

##÷#.#.#.######÷..........#
##.#.###.#.## #..........(#
#.#.##.##.#.## #..#........#
.#.##.#.##.#.####..(.........
#.##.#.#.##.#.###..##.#######
.##.#.#.#.##.#.###.##.#
##.#.##..#.##.#.##.##..
#÷#.##..#.##.#.##..# ...
.#.##..#.##.#.##@..# ...
#.##.#..##.#.##.#S(#
.##.#..##(#.##.#.#g#
##.#..##.#.##(#.##w#
.##.#.#.#÷##.#.##...
#.##.#.#.##.#.###.#..
.#.##.#.##.#.## .. ...
#.#)##.##.#.## #.# ....
##.#.###.#.## #. .....


You could see a worm, a gnoll and an adder.

Vanquished Creatures
  Jessica (D:2)
  3 adders (D:2)
  7 gnolls (D:2)
  2 worms (D:2)
  2 dart slugs (D:2)
  2 leopard geckos
  A ball python (D:1)
  2 bats
  3 giant cockroaches
  3 goblins (D:1)
  6 hobgoblins
  6 jackals
  3 frilled lizards (D:2)
  8 kobolds
  6 rats
55 creatures vanquished.

Notes
Turn   | Place    | Note
-------+----------+-------------------------------------------
     0 | D:1      | Elellon the Hill Orc Fighter began the quest for the Orb.
     0 | D:1      | Reached XP level 1. HP: 19/19 MP: 1/1
    44 | D:1      | Reached skill level 3 in Axes
   234 | D:1      | Reached XP level 2. HP: 22/26 MP: 2/2
   355 | D:1      | Reached skill level 4 in Axes
   553 | D:1      | Reached XP level 3. HP: 29/31 MP: 3/3
   922 | D:2      | Noticed Jessica
   928 | D:2      | Killed Jessica
   928 | D:2      | Reached skill level 5 in Axes
   938 | D:2      | Reached XP level 4. HP: 30/39 MP: 4/4
  1066 | D:2      | Reached skill level 6 in Axes
  1271 | D:2      | Reached XP level 5. HP: 45/45 MP: 5/5
  1589 | D:2      | Reached skill level 7 in Axes
  1634 | D:2      | Slain by a gnoll

Levels and vault maps discovered:
D:1:      minmay_arrival_five_plusses, layout_loops_corners
D:2:      minmay_inner_zag, layout_basic, uniq_jessica

Skill      XL: |  1  2  3  4  5 |
---------------+----------------+-----
Axes           | 3 4 5 6 7 |  7.5
Fighting       | |  3.6
Armour         | |  3.2
Shields        | |  3.2

Action                   |  1- 3 |  4- 6 || total
-------------------------+-------+-------++-------
Melee: War axe           |    70 |   105 ||   175
  Eat: Chunk             |       |     3 ||     3
Armor: Scale mail        |    34 |    40 ||    74
Dodge: Dodged            |    18 |    41 ||    59
Block: Shield            |    44 |    60 ||   104
